TOP OF THE 1ST |
Phoenix Hotspur U-21 batting - Pitching for Provo Mango : RHP Jim Unknown
|
Pitching: RHP Jim Unknown
|
|
Batting: RHB David Rivas
|
0-0: Ball 1-0: Ball 2-0: Ball 3-0: Base on Balls
|
Batting: RHB Javier González
|
0-0: Fly out, F8 (Popup, 8RS)
|
Batting: RHB Juan Aguirre
|
0-0: Foul Ball, location: 2F 0-1: Ball 1-1: Called Strike 1-2: Grounds into double play, 6-4-3 (Groundball, 6M)
|
Top of the 1st over - 0 run(s), 0 hit(s), 0 error(s), 0 left on base; Phoenix 0 - Provo 0 |
BOTTOM OF THE 1ST |
Provo Mango batting - Pitching for Phoenix Hotspur U-21 : LHP Rick Mayer
|
Pitching: LHP Rick Mayer
|
|
Batting: RHB Jim Unknown
|
0-0: Ball 1-0: Swinging Strike 1-1: Foul Ball, location: 2F 1-2: Ball 2-2: Ball 3-2: Ground out 5-3 (Groundball, 5S)
|
Batting: RHB Santiago Ramos
|
0-0: Ball 1-0: Ball 2-0: SINGLE (Groundball, 56D)
|
Batting: SHB Carlos Schultz
|
0-0: Ball 1-0: Swinging Strike 1-1: Called Strike 1-2: Fly out, F8 (Flyball, 8RM)
|
Batting: LHB Jim Unknown
|
0-0: Ball 1-0: Foul Ball, location: 2F 1-1: Called Strike 1-2: Strikes out swinging
|
Bottom of the 1st over - 0 run(s), 1 hit(s), 0 error(s), 1 left on base; Phoenix 0 - Provo 0 |
TOP OF THE 2ND |
Phoenix Hotspur U-21 batting - Pitching for Provo Mango : RHP Jim Unknown
|
Batting: RHB Pedro Torrez
|
0-0: Called Strike 0-1: Ground out 4-3 (Groundball, 4M)
|
Batting: RHB Larry Bryant
|
0-0: Called Strike 0-1: Called Strike 0-2: Ball 1-2: Ball 2-2: Strikes out swinging
|
Batting: RHB Pedro Martínez
|
0-0: Ball 1-0: Called Strike 1-1: Swinging Strike 1-2: Strikes out swinging
|
Top of the 2nd over - 0 run(s), 0 hit(s), 0 error(s), 0 left on base; Phoenix 0 - Provo 0 |
BOTTOM OF THE 2ND |
Provo Mango batting - Pitching for Phoenix Hotspur U-21 : LHP Rick Mayer
|
Batting: RHB Jim Unknown
|
0-0: Called Strike 0-1: Ball 1-1: Ball 2-1: SINGLE (Line Drive, 7LM)
|
Batting: LHB Jim Unknown
|
0-0: Ball 1-0: Called Strike 1-1: DOUBLE (Line Drive, 7LS) Jim Unknown to third
|
Batting: LHB Sixto Álvarez
|
0-0: Ball 1-0: Ball 2-0: Called Strike 2-1: Foul Ball, location: 2F 2-2: Strikes out swinging
|
Batting: RHB Jim Unknown
|
0-0: Called Strike 0-1: Foul Ball, location: 2F 0-2: Strikes out swinging
|
Batting: SHB Wilbert Carter
|
0-0: SINGLE (Line Drive, 5D) Jim Unknown scores Jim Unknown to third Runner from 3rd tries for Home, SAFE, no throw or cutoff
|
Batting: RHB Jim Unknown
|
0-0: 2-RUN HOME RUN (Flyball, 7D), Distance : 408 ft
|
Batting: RHB Santiago Ramos
|
0-0: Swinging Strike 0-1: Swinging Strike 0-2: Foul Ball, location: 2F 0-2: Foul Ball, location: 2F 0-2: Ball 1-2: Strikes out swinging
|
Bottom of the 2nd over - 4 run(s), 4 hit(s), 0 error(s), 0 left on base; Phoenix 0 - Provo 4 |
TOP OF THE 3RD |
Phoenix Hotspur U-21 batting - Pitching for Provo Mango : RHP Jim Unknown
|
Batting: RHB Francis Kelly
|
0-0: Foul Ball, location: 2F 0-1: Ball 1-1: Ball 2-1: Swinging Strike 2-2: Ground out 6-3 (Groundball, 6)
|
Batting: RHB Jesús Mejía
|
0-0: Ball 1-0: Ground out 4-3 (Groundball, 13)
|
Batting: RHB Marc Meertens
|
0-0: Ball 1-0: Ball 2-0: Swinging Strike 2-1: Foul Ball, location: 2F 2-2: Strikes out swinging
|
Top of the 3rd over - 0 run(s), 0 hit(s), 0 error(s), 0 left on base; Phoenix 0 - Provo 4 |
BOTTOM OF THE 3RD |
Provo Mango batting - Pitching for Phoenix Hotspur U-21 : LHP Rick Mayer
|
Batting: SHB Carlos Schultz
|
0-0: Ball 1-0: Ball 2-0: Called Strike 2-1: Foul Ball, location: 2F 2-2: Strikes out looking
|
Batting: LHB Jim Unknown
|
0-0: Ball 1-0: Ball 2-0: Called Strike 2-1: Foul Ball, location: 2F 2-2: Ball 3-2: Base on Balls
|
Batting: RHB Jim Unknown
|
0-0: Called Strike 0-1: Ball 1-1: Ball 2-1: DOUBLE (Line Drive, 89XD) Jim Unknown to third
|
Batting: LHB Jim Unknown
|
0-0: Called Strike 0-1: Swinging Strike 0-2: Ball 1-2: Ball 2-2: Foul Ball, location: 2F 2-2: Fly out, F9 (Flyball, 89M) Runner from 3rd tags up, SCORES, no throw
|
Batting: LHB Sixto Álvarez
|
0-0: SINGLE (Line Drive, 89S) Jim Unknown to third Runner from 3rd tries for Home, SAFE, no throw or cutoff
|
Batting: RHB Jim Unknown
|
0-0: Foul Ball, location: 2F 0-1: Called Strike 0-2: Ball 1-2: Fly out, F3 (Popup, 23F)
|
Bottom of the 3rd over - 2 run(s), 2 hit(s), 0 error(s), 1 left on base; Phoenix 0 - Provo 6 |
TOP OF THE 4TH |
Phoenix Hotspur U-21 batting - Pitching for Provo Mango : RHP Jim Unknown
|
Batting: RHB David Rivas
|
0-0: Ground out 4-3 (Groundball, 4)
|
Batting: RHB Javier González
|
0-0: Ball 1-0: Swinging Strike 1-1: TRIPLE (Flyball, 8RM)
|
Batting: RHB Juan Aguirre
|
0-0: Fly out, F6 (Line Drive, 6)
|
Batting: RHB Pedro Torrez
|
0-0: Ball 1-0: Foul Ball, location: 2F 1-1: Ball 2-1: Ball 3-1: Foul Ball, location: 2F 3-2: Strikes out swinging
|
Top of the 4th over - 0 run(s), 1 hit(s), 0 error(s), 1 left on base; Phoenix 0 - Provo 6 |
BOTTOM OF THE 4TH |
Provo Mango batting - Pitching for Phoenix Hotspur U-21 : LHP Rick Mayer
|
Pitching: LHP Joey Dudley
|
|
Batting: SHB Wilbert Carter
|
0-0: Ball 1-0: Foul Ball, location: 2F 1-1: Ball 2-1: Ball 3-1: Base on Balls
|
Batting: RHB Jim Unknown
|
0-0: Called Strike 0-1: Ball 1-1: Swinging Strike 1-2: SINGLE (Line Drive, 6MD) Wilbert Carter to second
|
Batting: RHB Santiago Ramos
|
0-0: DOUBLE (Line Drive, 7LM) Wilbert Carter scores Jim Unknown to third
|
Batting: SHB Carlos Schultz
|
0-0: Called Strike 0-1: Ball 1-1: Foul Ball, location: 2F 1-2: Foul Ball, location: 2F 1-2: Ball 2-2: Ball 3-2: Base on Balls
|
Batting: LHB Jim Unknown
|
0-0: Ball 1-0: Ball 2-0: Called Strike 2-1: Foul Ball, location: 2F 2-2: Ball 3-2: Strikes out looking
|
Batting: RHB Jim Unknown
|
0-0: Ball 1-0: Ball 2-0: SINGLE (Flyball, 9LM) Jim Unknown scores Santiago Ramos to third Carlos Schultz to second Runner from 3rd tries for Home, SAFE, throw made home
|
Batting: LHB Jim Unknown
|
0-0: Called Strike 0-1: Ball 1-1: Swinging Strike 1-2: Ball 2-2: Foul Ball, location: 2F 2-2: Ground out 3-1 (Groundball, 34S) Carlos Schultz to third Jim Unknown to second
|
Batting: LHB Sixto Álvarez
|
0-0: Called Strike 0-1: Ground out 3-1 (Groundball, 3D)
|
Bottom of the 4th over - 3 run(s), 3 hit(s), 0 error(s), 2 left on base; Phoenix 0 - Provo 9 |
TOP OF THE 5TH |
Phoenix Hotspur U-21 batting - Pitching for Provo Mango : RHP Jim Unknown
|
Batting: RHB Larry Bryant
|
0-0: Ball 1-0: Called Strike 1-1: Foul Ball, location: 2F 1-2: Ball 2-2: Foul Ball, location: 2F 2-2: Strikes out swinging
|
Batting: RHB Pedro Martínez
|
0-0: Called Strike 0-1: Foul Ball, location: 2F 0-2: Strikes out swinging
|
Batting: RHB Francis Kelly
|
0-0: Called Strike 0-1: Ball 1-1: Ball 2-1: Called Strike 2-2: Foul Ball, location: 2F 2-2: Ball 3-2: Base on Balls
|
Batting: RHB Jesús Mejía
|
0-0: Ball Francis Kelly is caught stealing 2nd base
|
Top of the 5th over - 0 run(s), 0 hit(s), 0 error(s), 0 left on base; Phoenix 0 - Provo 9 |
BOTTOM OF THE 5TH |
Provo Mango batting - Pitching for Phoenix Hotspur U-21 : LHP Joey Dudley
|
Batting: RHB Jim Unknown
|
0-0: Called Strike 0-1: Foul Ball, location: 2F 0-2: Strikes out swinging
|
Batting: SHB Wilbert Carter
|
0-0: Ball 1-0: Ground out 6-3 (Groundball, 6)
|
Batting: RHB Jim Unknown
|
0-0: Ball 1-0: Fly out, F7 (Line Drive, 7M)
|
Bottom of the 5th over - 0 run(s), 0 hit(s), 0 error(s), 0 left on base; Phoenix 0 - Provo 9 |
TOP OF THE 6TH |
Phoenix Hotspur U-21 batting - Pitching for Provo Mango : RHP Jim Unknown
|
Batting: RHB Jesús Mejía
|
0-0: Called Strike 0-1: Fly out, F4 (Popup, 4)
|
Batting: RHB Marc Meertens
|
0-0: Ball 1-0: Ground out 5-3 (Groundball, 56)
|
Batting: RHB David Rivas
|
0-0: Ball 1-0: SINGLE (Line Drive, 7S)
|
Batting: RHB Javier González
|
0-0: Called Strike 0-1: Ball 1-1: SINGLE (Line Drive, 6M) David Rivas to second
|
Batting: RHB Juan Aguirre
|
0-0: Ball 1-0: Ball 2-0: Ball 3-0: Called Strike 3-1: Foul Ball, location: 2F 3-2: Strikes out swinging
|
Top of the 6th over - 0 run(s), 2 hit(s), 0 error(s), 2 left on base; Phoenix 0 - Provo 9 |
BOTTOM OF THE 6TH |
Provo Mango batting - Pitching for Phoenix Hotspur U-21 : LHP Joey Dudley
|
Pitching: RHP José Rosa
|
|
Batting: RHB Santiago Ramos
|
0-0: Swinging Strike 0-1: Swinging Strike 0-2: Ball 1-2: Ball 2-2: Strikes out looking
|
Batting: SHB Carlos Schultz
|
0-0: Ball 1-0: Fly out, F6 (Popup, 6MD)
|
Batting: LHB Jim Unknown
|
0-0: Ball 1-0: Ground out U3 (Groundball, 3L)
|
Bottom of the 6th over - 0 run(s), 0 hit(s), 0 error(s), 0 left on base; Phoenix 0 - Provo 9 |
TOP OF THE 7TH |
Phoenix Hotspur U-21 batting - Pitching for Provo Mango : RHP Jim Unknown
|
Batting: RHB Pedro Torrez
|
0-0: Ball 1-0: Called Strike 1-1: Ball 2-1: Foul Ball, location: 2F 2-2: Ball 3-2: Base on Balls
|
Batting: RHB Larry Bryant
|
0-0: Ball 1-0: Ball 2-0: Swinging Strike 2-1: Foul Ball, location: 2F 2-2: Strikes out swinging
|
Batting: RHB Pedro Martínez
|
0-0: Foul Ball, location: 2F 0-1: Foul Ball, location: 2F 0-2: Foul Ball, location: 2F 0-2: Strikes out swinging
|
Batting: RHB Francis Kelly
|
0-0: Ground out 5-3 (Groundball, 5)
|
Top of the 7th over - 0 run(s), 0 hit(s), 0 error(s), 1 left on base; Phoenix 0 - Provo 9 |
BOTTOM OF THE 7TH |
Provo Mango batting - Pitching for Phoenix Hotspur U-21 : RHP José Rosa
|
Batting: RHB Jim Unknown
|
0-0: Ball 1-0: Called Strike 1-1: Ball 2-1: Fly out, F9 (Popup, 89S)
|
Pitching: LHP Armando Nieves
|
|
Batting: LHB Jim Unknown
|
0-0: Called Strike 0-1: Ball 1-1: Fly out, F8 (Flyball, 8LS)
|
Batting: LHB Sixto Álvarez
|
0-0: Fly out, F7 (Flyball, 7LM)
|
Bottom of the 7th over - 0 run(s), 0 hit(s), 0 error(s), 0 left on base; Phoenix 0 - Provo 9 |
TOP OF THE 8TH |
Phoenix Hotspur U-21 batting - Pitching for Provo Mango : RHP Jim Unknown
|
Batting: RHB Jesús Mejía
|
0-0: Called Strike 0-1: Ground out 6-3 (Groundball, 6M)
|
Batting: RHB Marc Meertens
|
0-0: Fly out, F7 (Flyball, 7M)
|
Batting: RHB David Rivas
|
0-0: Ball 1-0: Ball 2-0: Called Strike 2-1: Ball 3-1: Called Strike 3-2: Foul Ball, location: 2F 3-2: Foul Ball, location: 2F 3-2: Foul Ball, location: 2F 3-2: Base on Balls
|
Pinch Hitting: LHB Arthur Ryan
|
0-0: Ball 1-0: Ground out 3-1 (Groundball, 34S)
|
Top of the 8th over - 0 run(s), 0 hit(s), 0 error(s), 1 left on base; Phoenix 0 - Provo 9 |
BOTTOM OF THE 8TH |
Provo Mango batting - Pitching for Phoenix Hotspur U-21 : LHP Armando Nieves
|
Now in LF: Arthur Ryan
|
|
Batting: RHB Jim Unknown
|
0-0: Ball 1-0: Ball 2-0: Foul Ball, location: 2F 2-1: Ball 3-1: DOUBLE (Line Drive, 89M)
|
Batting: SHB Wilbert Carter
|
0-0: Ball 1-0: Foul Ball, location: 2F 1-1: Ball 2-1: Foul Ball, location: 2F 2-2: Foul Ball, location: 2F 2-2: Ball 3-2: SINGLE (Flyball, 89S) Jim Unknown to third
|
Batting: RHB Jim Unknown
|
0-0: Called Strike 0-1: Called Strike 0-2: Foul Ball, location: 2F 0-2: Fly out, F8 (Flyball, 8LD) Runner from 3rd tags up, SCORES, throw made
|
Batting: RHB Santiago Ramos
|
0-0: Hit by Pitch Wilbert Carter to second
|
Batting: SHB Carlos Schultz
|
0-0: Ball Wilbert Carter steals 3rd base Santiago Ramos to second 1-0: Ball 2-0: Ball 3-0: Called Strike 3-1: Fly out, F4 (Line Drive, 4M)
|
Pinch Hitting: RHB Juan Mora
|
0-0: Ball 1-0: SINGLE (Groundball, 56D) Wilbert Carter scores Santiago Ramos to third Runner from 3rd tries for Home, SAFE, throw made home
|
Batting: RHB Jim Unknown
|
0-0: Ball 1-0: Called Strike Juan Mora steals 2nd base 1-1: Foul Ball, location: 2F 1-2: Ball 2-2: Fly out, F9 (Flyball, 9S)
|
Bottom of the 8th over - 3 run(s), 3 hit(s), 0 error(s), 1 left on base; Phoenix 0 - Provo 12 |
TOP OF THE 9TH |
Phoenix Hotspur U-21 batting - Pitching for Provo Mango : RHP Jim Unknown
|
Now at 2B: Juan Mora
|
|
Pinch Hitting: SHB Edgar Cantú
|
0-0: Foul Ball, location: 2F 0-1: SINGLE (Line Drive, 56D)
|
Pinch Hitting: LHB Jim Unknown
|
0-0: Ball 1-0: Grounds into double play, 4-6-3 (Groundball, 4)
|
Batting: RHB Larry Bryant
|
0-0: Called Strike 0-1: SINGLE (Groundball, 6M)
|
Batting: RHB Pedro Martínez
|
0-0: Ball 1-0: Ball 2-0: Ball 3-0: Called Strike 3-1: Fly out, F8 (Flyball, 8LM)
|
Top of the 9th over - 0 run(s), 2 hit(s), 0 error(s), 1 left on base; Phoenix 0 - Provo 12 |
|